 Dungeon Crawl Stone Soup version 0.31-a0-188-g5e087ee2ca (webtiles) character file.

Game seed: 16675171192147939602

12 qw the Shooter (level 2, -2/16 HPs)
             Began as a Deep Elf Hunter on June 23, 2023.
             Succumbed to their own poison gas
             ... on level 1 of the Dungeon.
             The game lasted 00:00:10 (578 turns).

qw the Shooter (Deep Elf Hunter)                     Turns: 578, Time: 00:00:10

Health: -2/16      AC:  4    Str: 14    XL:     2   Next: 20%
Magic:  4/4        EV: 12    Int: 13    God:
Gold:   6          SH:  0    Dex: 18    Spells: 1/1 levels left

rFire   . . .        Y - +0 shortbow
rCold   . . .        (shield currently unavailable)
rNeg    . . .        c - +0 leather armour
rPois   .            (no helmet)
rElec   .            (no cloak)
rCorr   .            (no gloves)
SInv    .            e - +0 pair of boots
Will    .....        (no amulet)
Stlth   ++           h - +6 ring of strength
HPRegen 0.22/turn    (no ring)
MPRegen 0.09/turn

%: no passive effects
@: lethally poisoned (-2 -> -13)
A: no striking features
a: no special abilities


You were on level 1 of the Dungeon.
You visited 1 branch of the dungeon, and saw 1 of its levels.

You collected 6 gold pieces.


   Skills:
 - Level 1.5 Fighting
 + Level 6.1 Ranged Weapons
 - Level 2.4 Dodging
 - Level 1.2 Stealth


You had one spell level left.
You didn't know any spells.
Your spell library was empty.

Inventory:

Hand Weapons
 Y - a +0 shortbow (weapon)
Armour
 c - a +0 leather armour (worn)
 e - a +0 pair of boots (worn)
Jewellery
 h - a +6 ring of strength (left hand)
Potions
 f - a potion of curing {unknown}

Dungeon Overview and Level Annotations

Branches:
Dungeon (1/15)

Altars:


Message History

You finish putting on your +0 pair of boots.
Done exploring.
572 ||| UPGRADING to +6 ring of strength.
You feel stronger.
h - a +6 ring of strength (left hand) Done exploring.
573 ||| READING scroll labelled POC FEQE ZIA.
As you read the scroll labelled POC FEQE ZIA, it crumbles to dust.
It is a scroll of identify.
Really abort (and waste the scroll)?
Done exploring.
574 ||| READING scroll labelled EMYWAV MICED.
The air fills with toxic fumes!
As you read the scroll labelled EMYWAV MICED, it crumbles to dust.
It was a scroll of poison.
Done exploring.
575 ||| DROPPING scroll of butterflies.
You drop a scroll of butterflies.
Done exploring.
(D) Dungeon
Where to? (* - list waypoints, ? - help)
What level of the Dungeon? (default 1, ? - help) Sorry, I don't know how to get there.
Enter note:
Enter note:
Enter note:
Enter note:
Enter note:
Enter note:
Enter note:
Enter note:
Enter note: Really walk into that cloud of poison gas?
You are engulfed in poison gas.
You are lethally poisoned!
You feel very sick.
577 ||| Stepping ~*~*~tactically~*~*~ (cloud).
You feel very sick.
You see here a scroll of butterflies.
There is a lethal amount of poison in your body!
You die...

#.###.###.# ##.....#
#.....# #.# #.....#
#####.###.##########.###
#.....#¤¤........#
###.###¤##.##.#### #.#
#¤##.##.# #¤###¤##¤##.#
#¤¤¤¤¤¤¤¤##.#
#####@#####.# #¤¤¤....#
#########


There were no monsters in sight!

Vanquished Creatures
  A dart slug (D:1)
  A giant cockroach (D:1)
  2 hobgoblins (D:1)
  A quokka (D:1)
  A ball python (D:1)
  A bat (D:1)
  3 frilled lizards (D:1)
  A kobold (D:1)
11 creatures vanquished.

Notes
Turn   | Place    | Note
-------+----------+-------------------------------------------
     0 | D:1      | qw the Deep Elf Hunter began the quest for the Orb.
     0 | D:1      | Reached XP level 1. HP: 12/12 MP: 3/3
     0 | D:1      | 0 ||| qw: Version: 0.3-a-9-g12657ce
     0 | D:1      | 0 ||| qw: Game counter: 3782
     0 | D:1      | 0 ||| qw: Always use a shield: true
     0 | D:1      | 0 ||| qw: God list: Okawaru
     0 | D:1      | 0 ||| qw: Allow faded altars: false
     0 | D:1      | 0 ||| qw: Do Orc after D:15 true
     0 | D:1      | 0 ||| qw: Do second Lair branch before Depths: true
     0 | D:1      | 0 ||| qw: Lair rune preference: random
     0 | D:1      | 0 ||| qw: Plans: Normal
     0 | D:1      | 0 ||| PLANNING D:1-11
   171 | D:1      | Reached XP level 2. HP: 16/16 MP: 4/4
   240 | D:1      | Reached skill level 6 in Ranged Weapons
   567 | D:1      | 567 ||| UPGRADING to +0 pair of boots.
   572 | D:1      | 572 ||| UPGRADING to +6 ring of strength.
   573 | D:1      | 573 ||| READING scroll labelled POC FEQE ZIA.
   574 | D:1      | 574 ||| READING scroll labelled EMYWAV MICED.
   575 | D:1      | 575 ||| DROPPING scroll of butterflies.
   576 | D:1      | HP: 4/16 [poisoned by you (poison gas)]
   577 | D:1      | 577 ||| Stepping ~*~*~tactically~*~*~ (cloud).
   577 | D:1      | HP: 1/16 [poisoned by you (poison gas)]
   578 | D:1      | Succumbed to their own poison gas

Levels and vault maps discovered:
D:1:      lightli_arrival_statuegarden, layout_loops_cross

Skill      XL: |  1  2 |
---------------+-------+-----
Ranged Weapons | 6 |  6.1
Fighting       | |  1.5
Dodging        | |  2.4
Stealth        | |  1.2

Action                     || total
---------------------------++-------
   Fire: Shortbow          ||    32
    Use: Scroll            ||     2
 Armour: Leather armour    ||     5
  Dodge: Dodged            ||    11

Table legend:
 A = Non-vault XP
 B = Vault XP
 C = Vault XP percentage of total XP
 D = Non-vault monster count
 E = Vault monster count
 F = Vault count percentage of total count
                 A         B        C        D         E       F
            +---------+---------+-------+---------+---------+-------
      Total |      18 |       0 |   0.0 |      11 |       0 |   0.0
            +---------+---------+-------+---------+---------+-------
        D:1 |      18 |       0 |   0.0 |      11 |       0 |   0.0
            +---------+---------+-------+---------+---------+-------
